[Event "Titled Tuesday Blitz March 15 Early 2022"]
[White "Hess, Robert"]
[Black "Gaehwiler, Gabriel"]
[WhiteFideId "2022036"]
[BlackFideId "1314530"]
[WhiteElo "2557"]
[BlackElo "2383"]
[Result "1-0"]
[Round "11"]
[TimeControl "180+1"]
[Date "2022.03.15"]
[WhiteClock "0:00:12"]
[BlackClock "0:00:14"]

1. b3 Nf6 2. Bb2 g6 3. d3 Bg7 4. Nd2 b6 5. h3 Bb7 6. e3 c5 7. Ne2 d5 8. g4 Nbd7 9. Bg2 O-O 10. Ng3 e5 11. h4 Qc7 12. h5 e4 13. dxe4 dxe4 14. Nc4 b5 15. Qd6 Qc8 16. hxg6 fxg6 17. Qe6+ Kh8 18. Nd6 Bd5 19. Qe7 Qd8 20. Qxd8 Raxd8 21. O-O-O Bc6 22. g5 Ng4 23. Bxe4 Bxb2+ 24. Kxb2 Nxf2 25. Bxc6 Nxh1 26. Bxh1 Ne5 27. Nge4 a6 28. Nxc5 Rf2 29. Rd5 Nc6 30. Nce4 Rxc2+ 31. Kxc2 Nb4+ 32. Kb2 Nxd5 33. Nf7+ 1-0


[Site "https://www.chess.com"]

[Event "Titled Tuesday Blitz March 15 Early 2022"]
[White "Hoffmann, Asa"]
[Black "Budrewicz, Krzysztof"]
[WhiteFideId "2001470"]
[BlackFideId "1127950"]
[WhiteElo "2117"]
[BlackElo "2248"]
[Result "1-0"]
[Round "11"]
[TimeControl "180+1"]
[Date "2022.03.15"]
[WhiteClock "0:01:24"]
[BlackClock "0:01:02"]

1. d4 Nf6 2. Bg5 d5 3. Nd2 Nbd7 4. e3 h6 5. Bh4 e6 6. f4 Be7 7. Bd3 c5 8. c3 a5 9. Ngf3 a4 10. O-O O-O 11. Ne5 Qc7 12. Qf3 cxd4 13. exd4 Nxe5 14. fxe5 Nh7 15. Bg3 b6 16. a3 Ba6 17. Bxa6 Rxa6 18. Bf4 Ra5 19. Qg3 Bg5 20. Nf3 Bxf4 21. Qxf4 Rb5 22. Rf2 Qe7 23. h4 Rb3 24. Raf1 f5 25. exf6 Rxf6 26. Qg3 Nf8 27. Ne5 Rxf2 28. Rxf2 Nd7 29. Ng6 Qe8 30. h5 Nf6 31. Qe5 Ng4 32. Rf8+ Qxf8 33. Qxe6+ Qf7 34. Qc8+ 1-0


[Site "https://www.chess.com"]

[Event "Titled Tuesday Blitz March 15 Early 2022"]
[White "Iljin, Timofey"]
[Black "Weetik, Vjacheslav"]
[WhiteFideId "14110180"]
[BlackFideId "4153472"]
[WhiteElo "2396"]
[BlackElo "2469"]
[Result "0-1"]
[Round "11"]
[TimeControl "180+1"]
[Date "2022.03.15"]
[WhiteClock "0:00:35"]
[BlackClock "0:01:14"]

1. f4 d5 2. Nf3 Bg4 3. e3 Nd7 4. g3 e5 5. fxe5 Nxe5 6. Bg2 Nf6 7. O-O Bd6 8. Nc3 c6 9. d4 Nxf3+ 10. Bxf3 Bh3 11. Bg2 Bxg2 12. Kxg2 O-O 13. Qf3 Re8 14. Bd2 Bb4 15. Nb1 Bd6 16. Nc3 Qd7 17. Rae1 Ne4 18. Nxe4 Rxe4 19. c4 Rae8 20. cxd5 cxd5 21. Qf5 Qe6 22. Qxe6 fxe6 23. Bc3 h5 24. Rf2 h4 25. gxh4 Rxh4 26. h3 Re4 27. Bd2 e5 28. dxe5 Bxe5 29. Bb4 Rxb4 30. b3 Re4 31. Rd2 d4 32. Kf3 Bf6 33. Rg2 Rxe3+ 34. Rxe3 Rxe3+ 35. Kf4 Rxh3 36. b4 d3 37. b5 Bc3 38. b6 axb6 0-1


[Site "https://www.chess.com"]

[Event "Titled Tuesday Blitz March 15 Early 2022"]
[White "Ilyasli, Ughur"]
[Black "Matinian, Nikita"]
[WhiteFideId "13416197"]
[BlackFideId "24129100"]
[WhiteElo "2045"]
[BlackElo "2422"]
[Result "0-1"]
[Round "11"]
[TimeControl "180+1"]
[Date "2022.03.15"]
[WhiteClock "0:00:42"]
[BlackClock "0:01:49"]

1. d4 Nf6 2. c4 c5 3. d5 e5 4. Nc3 d6 5. e4 Nbd7 6. Be2 g6 7. Be3 Bg7 8. g4 a6 9. g5 Ng8 10. h4 h5 11. f3 Ne7 12. Nh3 b6 13. Nf2 Rb8 14. Rb1 f5 15. Nd3 b5 16. cxb5 axb5 17. b4 c4 18. Nb2 O-O 19. a4 bxa4 20. Qxa4 Nb6 21. Qa5 fxe4 22. fxe4 Bg4 23. Nxc4 Nxc4 24. Bxc4 Qc8 25. Qa6 Ra8 26. Qb5 Bd7 27. Qb6 Qxc4 28. Qxd6 Qxc3+ 29. Bd2 Qc2 0-1


[Site "https://www.chess.com"]

[Event "Titled Tuesday Blitz March 15 Early 2022"]
[White "Ismayil, Malak"]
[Black "Pajeken, Jakob Leon"]
[WhiteFideId "13412604"]
[BlackFideId "12942839"]
[WhiteElo "1879"]
[BlackElo "2351"]
[Result "1-0"]
[Round "11"]
[TimeControl "180+1"]
[Date "2022.03.15"]
[WhiteClock "0:00:44"]
[BlackClock "0:00:34"]

1. e4 e5 2. Nf3 Nc6 3. Bc4 Bc5 4. d3 Nf6 5. O-O O-O 6. Bg5 h6 7. Bh4 Be7 8. Nc3 d6 9. h3 Nh5 10. Bg3 Nxg3 11. fxg3 Bg5 12. Qe2 Be6 13. Bd5 Bxd5 14. Nxd5 Ne7 15. Nxe7+ Qxe7 16. h4 Bf6 17. Nh2 g6 18. Rf3 h5 19. Raf1 Bg7 20. Qf2 a5 21. g4 hxg4 22. Nxg4 a4 23. Nf6+ Bxf6 24. Rxf6 d5 25. exd5 e4 26. Re1 Qb4 27. Rxe4 Qxb2 28. h5 Qc1+ 29. Re1 Qg5 30. Rf1 Qxd5 31. hxg6 Kg7 32. gxf7 Qg5 33. Rf5 Qg6 34. Qd4+ Kh7 35. R1f3 Qb6 36. Rc5 1-0


[Site "https://www.chess.com"]

[Event "Titled Tuesday Blitz March 15 Early 2022"]
[White "Istvanovszki, Martin"]
[Black "Sanchez, Robert"]
[WhiteFideId "726958"]
[BlackFideId "2034360"]
[WhiteElo "2345"]
[BlackElo "2327"]
[Result "1-0"]
[Round "11"]
[TimeControl "180+1"]
[Date "2022.03.15"]
[WhiteClock "0:02:01"]
[BlackClock "0:02:03"]

1. e4 e6 2. d4 d5 3. Nc3 Nf6 4. Bg5 Be7 5. e5 Nfd7 6. h4 h6 7. Bxe7 Qxe7 8. f4 a6 9. Nf3 c5 10. Qd2 Nc6 11. Ne2 cxd4 12. Nexd4 Nc5 13. Bd3 Nxd4 14. Nxd4 Bd7 15. O-O-O Rc8 16. Kb1 O-O 17. Rde1 Nxd3 18. Qxd3 Qc5 19. g4 Bb5 20. Qd2 Rc7 21. f5 exf5 22. gxf5 f6 23. Ne6 Qc6 24. Nxc7 Qxc7 25. Qxd5+ 1-0


[Site "https://www.chess.com"]

[Event "Titled Tuesday Blitz March 15 Early 2022"]
[White "Jaskolka, Tomasz"]
[Black "Mitusov, Semen"]
[WhiteFideId "1170791"]
[BlackFideId "14151049"]
[WhiteElo "2073"]
[BlackElo "2265"]
[Result "0-1"]
[Round "11"]
[TimeControl "180+1"]
[Date "2022.03.15"]
[WhiteClock "0:00:02"]
[BlackClock "0:00:17"]

1. d4 d5 2. Bf4 Nf6 3. e3 c5 4. c3 Nc6 5. Nd2 Bf5 6. Ngf3 Qb6 7. Qb3 c4 8. Qxb6 axb6 9. Nh4 Bd7 10. e4 e6 11. e5 Ng8 12. Nhf3 b5 13. Be2 b4 14. O-O Nge7 15. Rfc1 Nf5 16. g4 Nfe7 17. b3 Ng6 18. Be3 bxc3 19. Rxc3 b5 20. bxc4 bxc4 21. Bxc4 Bb4 22. Rc2 dxc4 23. Nxc4 Nge7 24. a3 Nd5 25. Rb1 Nxe3 26. fxe3 Be7 27. Rb7 Rd8 28. Nb6 Nb8 29. Rcc7 Bxa3 30. Nd2 Bc6 31. Ra7 Bb4 32. Ndc4 O-O 33. Kf2 Bd5 34. Nxd5 exd5 35. Nb6 h6 36. Kf3 Rfe8 37. Rxf7 Nc6 38. Rxg7+ Kh8 39. Rh7+ Kg8 40. Rag7+ Kf8 41. Rf7+ Kg8 42. Rfg7+ Kf8 43. g5 Re7 44. gxh6 Rxg7 45. Rxg7 Ne7 0-1


[Site "https://www.chess.com"]

[Event "Titled Tuesday Blitz March 15 Early 2022"]
[White "Johnson, Ben"]
[Black "Cramling Bellon, Anna"]
[WhiteFideId "2010917"]
[BlackFideId "32009232"]
[WhiteElo "2233"]
[BlackElo "1905"]
[Result "1-0"]
[Round "11"]
[TimeControl "180+1"]
[Date "2022.03.15"]
[WhiteClock "0:00:17"]
[BlackClock "0:00:14"]

1. Nf3 d5 2. e3 c5 3. b3 Nc6 4. Bb5 e6 5. Bb2 Nf6 6. O-O Be7 7. d4 O-O 8. dxc5 Bxc5 9. Bxc6 bxc6 10. Ne5 Bb7 11. c4 Be7 12. Nc3 c5 13. Qe2 d4 14. Rad1 Qd6 15. exd4 cxd4 16. Nb5 Qb6 17. Bxd4 Bc5 18. Bxc5 Qxc5 19. Nd6 Ba6 20. Ng4 Nxg4 21. Qxg4 Rad8 22. Ne4 Qe5 23. Ng3 Bb7 24. Rde1 Qd6 25. Nh5 g6 26. Nf6+ Kg7 27. Ne4 Qc6 28. Qg5 f6 29. Qg3 f5 30. Nc3 f4 31. Qh3 Qc7 32. Ne4 Bxe4 33. Rxe4 e5 34. Qe6 Rfe8 35. Qg4 Qd7 36. Qxd7+ Rxd7 37. Rfe1 Kf6 38. h3 Rde7 39. Rd1 Kf5 40. f3 Re6 41. Rd5 Ra6 42. Re2 Rb6 43. Kf2 Re7 44. Red2 Rbb7 45. Rd6 g5 46. R2d5 h5 47. h4 g4 48. fxg4+ hxg4 49. h5 g3+ 50. Kf3 Kg5 51. h6 Rh7 52. Ke4 Rxh6 53. Rxh6 Kxh6 54. Rxe5 f3 55. Kxf3 Rg7 56. Re4 Rg6 57. Rh4+ Kg7 58. Rg4 Rxg4 59. Kxg4 Kf6 60. Kxg3 Ke5 61. Kf3 Kd4 62. g4 Kc3 63. g5 Kb2 64. g6 Kxa2 65. g7 Kxb3 66. g8=Q a5 67. Qd5 a4 68. Qb5+ Ka3 69. c5 Ka2 70. Qxa4+ Kb1 71. Qb5+ Ka2 72. c6 Ka3 73. c7 Ka2 74. c8=Q Ka1 75. Qa8# 1-0


[Site "https://www.chess.com"]

[Event "Titled Tuesday Blitz March 15 Early 2022"]
[White "Jumabayev, Rinat"]
[Black "Kosteniuk, Alexandra"]
[WhiteFideId "13702661"]
[BlackFideId "4128125"]
[WhiteElo "2561"]
[BlackElo "2469"]
[Result "1-0"]
[Round "11"]
[TimeControl "180+1"]
[Date "2022.03.15"]
[WhiteClock "0:00:03"]
[BlackClock "0:00:05"]

1. d4 Nf6 2. Nf3 e6 3. Bf4 b6 4. e3 Bb7 5. Nbd2 c5 6. Bd3 d5 7. c3 Bd6 8. Ne5 O-O 9. Qf3 Nc6 10. h4 Qc7 11. Nxc6 Bxf4 12. Qxf4 Qxc6 13. h5 h6 14. Nf3 Rac8 15. g4 Qc7 16. Ne5 Ne4 17. f3 Ng5 18. O-O-O cxd4 19. exd4 f6 20. Ng6 Qxf4+ 21. Nxf4 Rfe8 22. Bb5 Re7 23. Ng6 Rec7 24. Rhe1 Kf7 25. Re3 a6 26. Bd3 b5 27. Nf4 b4 28. Kd2 bxc3+ 29. bxc3 Bc6 30. Rb1 Bd7 31. Rb6 Rc6 32. Rb7 R8c7 33. Rb8 Rc8 34. Bg6+ Kf8 35. Rb3 a5 36. Ra3 Ra6 37. Bc2 a4 38. Nd3 Ke7 39. Nc5 Rxc5 40. dxc5 e5 41. Bd3 Ra5 42. Bc2 Bc6 43. Bd1 Ne6 44. c4 d4 45. Re1 Nxc5 46. Bc2 Kd6 47. Rb1 Ne6 48. Rb8 Nf4 49. Rg8 Ne6 50. Bf5 Ng5 51. Rxg7 Nxf3+ 52. Ke2 e4 53. Rg6 Ke5 54. Rxh6 Kf4 55. Rxf6 d3+ 56. Kd1 e3 57. Bxd3+ Kg3 58. Rxc6 Kf2 59. h6 Nd4 60. Rd6 Nf3 61. Rf6 Ra8 62. Be4 Rd8+ 63. Kc2 Rd2+ 64. Kc3 e2 65. Rxf3+ Ke1 66. Re3 Kd1 67. Rxe2 Rxe2 68. h7 Rxe4 69. h8=Q 1-0


[Site "https://www.chess.com"]

[Event "Titled Tuesday Blitz March 15 Early 2022"]
[White "Kamsky, Gata"]
[Black "Samadov, Read"]
[WhiteFideId "2000024"]
[BlackFideId "13417444"]
[WhiteElo "2645"]
[BlackElo "2084"]
[Result "1-0"]
[Round "11"]
[TimeControl "180+1"]
[Date "2022.03.15"]
[WhiteClock "0:00:28"]
[BlackClock "0:00:03"]

1. Nf3 Nf6 2. d4 d5 3. Bf4 c5 4. e3 Nc6 5. Nbd2 Bg4 6. c3 e6 7. Qb3 Qc8 8. a4 Be7 9. Be2 O-O 10. O-O Ne4 11. Rfe1 Nxd2 12. Nxd2 Bxe2 13. Rxe2 Qd7 14. a5 c4 15. Qa4 Rfd8 16. b3 cxb3 17. Qxb3 Rac8 18. Ree1 Bf6 19. h3 e5 20. Bg3 h5 21. Reb1 h4 22. Bh2 Rb8 23. Nf3 Re8 24. Rd1 Rbd8 25. dxe5 Nxe5 26. Bxe5 Bxe5 27. Nxe5 Rxe5 28. Ra4 Qc6 29. Rxh4 Rd7 30. Rhd4 Qc5 31. Qb4 b6 32. axb6 axb6 33. e4 Qc6 34. c4 Rde7 35. cxd5 Qf6 36. d6 Rd7 37. Qxb6 Re6 38. Qb8+ Rd8 39. Qb6 g6 40. Qc5 Re5 41. Qc7 Kg7 42. d7 Re6 43. Rd6 Qe7 44. Rxe6 fxe6 45. e5 1-0


[Site "https://www.chess.com"]

[Event "Titled Tuesday Blitz March 15 Early 2022"]
[White "Kett, Tim"]
[Black "Petrova, Irina"]
[WhiteFideId "1801210"]
[BlackFideId "14124122"]
[WhiteElo "2098"]
[BlackElo "1993"]
[Result "0-1"]
[Round "11"]
[TimeControl "180+1"]
[Date "2022.03.15"]
[WhiteClock "0:00:10"]
[BlackClock "0:01:06"]

1. e4 d6 2. d4 Nf6 3. Nc3 e5 4. Nf3 Nbd7 5. Bc4 Be7 6. O-O O-O 7. Re1 c6 8. a4 h6 9. h3 Re8 10. Be3 Bf8 11. Qd2 exd4 12. Nxd4 Nxe4 13. Nxe4 Rxe4 14. Nf5 Rxc4 15. Bd4 Nf6 16. Ne3 Rxd4 17. Qxd4 Be6 18. f4 d5 19. f5 Bd7 20. g4 Qc7 21. Kg2 Ne4 22. Nf1 Bc5 23. Qd3 Qf4 24. Qf3 Qxf3+ 25. Kxf3 Re8 26. Kf4 g5+ 27. fxg6 fxg6 28. Ne3 Nd2 29. Ng2 Bd6+ 0-1


[Site "https://www.chess.com"]

[Event "Titled Tuesday Blitz March 15 Early 2022"]
[White "Koellner, Ruben Gideon"]
[Black "Skliarov, Viktor"]
[WhiteFideId "12993093"]
[BlackFideId "14106736"]
[WhiteElo "2477"]
[BlackElo "2229"]
[Result "0-1"]
[Round "11"]
[TimeControl "180+1"]
[Date "2022.03.15"]
[WhiteClock "0:00:12"]
[BlackClock "0:00:32"]

1. d4 Nf6 2. Bg5 Ne4 3. Bf4 c5 4. f3 Qa5+ 5. c3 Nf6 6. d5 Qb6 7. Bc1 g6 8. e4 d6 9. Nd2 Bg7 10. Nc4 Qc7 11. a4 O-O 12. h4 Nbd7 13. Ne2 a6 14. a5 b5 15. axb6 Nxb6 16. Ng3 Nxc4 17. Bxc4 e6 18. h5 exd5 19. exd5 Re8+ 20. Kf2 Nd7 21. hxg6 fxg6 22. Bh6 Ne5 23. Be2 Bh8 24. Ra4 c4 25. Ne4 Bf5 26. Ng5 Bd3 27. Kg3 Qb6 28. Rb4 Qe3 29. Bxd3 Nxd3 30. Rxc4 Be5+ 31. Kh4 Qf2+ 0-1


[Site "https://www.chess.com"]

[Event "Titled Tuesday Blitz March 15 Early 2022"]
[White "Kowalczyk, Pawel"]
[Black "Xu, Yi"]
[WhiteFideId "1130641"]
[BlackFideId "8605564"]
[WhiteElo "2344"]
[BlackElo "2471"]
[Result "1-0"]
[Round "11"]
[TimeControl "180+1"]
[Date "2022.03.15"]
[WhiteClock "0:00:22"]
[BlackClock "0:00:08"]

1. d4 Nf6 2. c4 e6 3. Nf3 d5 4. g3 Be7 5. Bg2 O-O 6. O-O dxc4 7. Ne5 Nc6 8. Nxc6 bxc6 9. Bxc6 Rb8 10. Nc3 Nd5 11. e4 Nxc3 12. bxc3 Qd6 13. Ba4 Bb7 14. Qe2 e5 15. d5 f5 16. Rd1 f4 17. f3 Bc8 18. gxf4 exf4 19. Kh1 Bf6 20. Qxc4 Be5 21. Bc2 Bh3 22. Rg1 Kh8 23. a4 Qh6 24. Ba3 Rf6 25. Rab1 Rc8 26. Bc5 Qh5 27. Qe2 h6 28. Bd4 c6 29. dxc6 Rfxc6 30. Rb5 Re8 31. Rd5 Rd6 32. Bxe5 Rxd5 33. Bxg7+ Kg8 34. Bb3 Kh7 35. Bxd5 Qxd5 36. Bd4 Qf7 37. Rg7+ Qxg7 38. Bxg7 Kxg7 39. Qb5 Rd8 40. Qe5+ Kf7 41. Qxf4+ Ke8 42. Kg1 Rd1+ 43. Kf2 Rf1+ 44. Ke3 Be6 45. Qxh6 Kd7 46. Qg7+ Kd6 47. h4 Re1+ 48. Kf2 Rd1 49. h5 Rd2+ 50. Ke3 Rh2 51. h6 Rh3 52. h7 Rxh7 53. Qxh7 a5 54. Kd4 Kc6 55. Qh6 Kb7 56. Qxe6 Ka8 57. Kc5 Kb8 58. Qd7 Ka8 59. Kb6 Kb8 60. Qd8# 1-0


[Site "https://www.chess.com"]

[Event "Titled Tuesday Blitz March 15 Early 2022"]
[White "Lazavik, Denis"]
[Black "Srihari L R"]
[WhiteFideId "13515110"]
[BlackFideId "46617116"]
[WhiteElo "2437"]
[BlackElo "2121"]
[Result "1-0"]
[Round "11"]
[TimeControl "180+1"]
[Date "2022.03.15"]
[WhiteClock "0:00:56"]
[BlackClock "0:01:32"]

1. d4 Nf6 2. c4 e6 3. Nf3 b6 4. g3 Bb7 5. Bg2 Be7 6. O-O O-O 7. Re1 c5 8. d5 exd5 9. Nh4 d6 10. cxd5 Re8 11. Nc3 Na6 12. e4 Nc7 13. Nf5 Bf8 14. Bg5 h6 15. Bf4 b5 16. a3 a5 17. Qc2 b4 18. Na4 Nb5 19. Rad1 Bc8 20. e5 dxe5 21. Bxe5 Bxf5 22. Qxf5 Bd6 23. Bxf6 Qxf6 24. Qxf6 gxf6 25. Nb6 Rad8 26. Nc4 Rxe1+ 27. Rxe1 a4 28. Ra1 b3 29. Rc1 Nd4 30. Kf1 Be5 31. Nxe5 fxe5 32. Rxc5 f5 33. Ke1 e4 34. Kd2 Ne6 35. Ra5 Nc7 36. Bf1 Kg7 37. Bc4 Kf6 38. Rxa4 Nxd5 39. Ra6+ Ke5 40. Ra5 1-0


[Site "https://www.chess.com"]

[Event "Titled Tuesday Blitz March 15 Early 2022"]
[White "Maltsevskaya, Aleksandra"]
[Black "Donchenko, Alexander"]
[WhiteFideId "24174041"]
[BlackFideId "24603295"]
[WhiteElo "2241"]
[BlackElo "2539"]
[Result "0-1"]
[Round "11"]
[TimeControl "180+1"]
[Date "2022.03.15"]
[WhiteClock "0:01:51"]
[BlackClock "0:01:36"]

1. e4 c5 2. Nf3 d6 3. d4 cxd4 4. Nxd4 Nf6 5. Nc3 a6 6. g3 e5 7. Nb3 Be7 8. Bg2 b5 9. O-O Nbd7 10. a4 b4 11. Nd5 Nxd5 12. exd5 h5 13. Bd2 a5 14. c3 bxc3 15. Bxc3 h4 16. Qd2 hxg3 17. hxg3 Bg5 18. Qd1 Qf6 19. Nxa5 Qh6 20. Re1 Qh2+ 21. Kf1 Ba6+ 22. Re2 Qh1+ 23. Bxh1 Rxh1+ 24. Kg2 Rxd1 25. Rxd1 Bxe2 26. Re1 Bd3 27. b4 Bc2 28. Ra1 Be4+ 29. f3 Bxd5 30. b5 Nb6 31. Bb4 Be7 32. Rh1 Nxa4 33. Nc6 Kd7 34. Nxe7 Kxe7 35. Rd1 Nb6 36. Rc1 Ra2+ 37. Kh3 Rb2 38. Rc7+ Ke6 0-1


[Site "https://www.chess.com"]

[Event "Titled Tuesday Blitz March 15 Early 2022"]
[White "Marson, Juan Miguel"]
[Black "Koridze, Lile"]
[WhiteFideId "106585"]
[BlackFideId "13612514"]
[WhiteElo "2053"]
[BlackElo "1999"]
[Result "1-0"]
[Round "11"]
[TimeControl "180+1"]
[Date "2022.03.15"]
[WhiteClock "0:00:08"]
[BlackClock "0:00:48"]

1. e4 c5 2. c3 Nf6 3. e5 Nd5 4. d4 cxd4 5. Nf3 Nc6 6. cxd4 d6 7. Bc4 Nb6 8. Bb5 e6 9. O-O h6 10. Nc3 a6 11. Bxc6+ bxc6 12. Re1 Bb7 13. Ne4 Nd5 14. Nfd2 dxe5 15. dxe5 Be7 16. Nc4 O-O 17. Ncd6 Qb6 18. Be3 Nxe3 19. Rxe3 Kh7 20. Rg3 Bxd6 21. Nxd6 Bc8 22. Qd3+ Kg8 23. Rc1 Ra7 24. Rc4 Qxb2 25. h3 Qxe5 26. Re4 Qa1+ 27. Kh2 f5 28. Rd4 e5 29. Qc4+ Kh7 30. Rh4 e4 31. Nxc8 Rxc8 32. Qe6 Qf6 33. Rxh6+ Qxh6 34. Qxf5+ Kh8 35. Qxc8+ Kh7 36. Qf5+ Kh8 37. Rg6 Qh7 38. Qc8+ Qg8 39. Qxc6 Qb8+ 40. g3 Rf7 41. Kg2 Qf8 42. Qb6 Qa8 43. Qe3 a5 44. Rg5 Rf3 45. Rh5+ Kg8 46. Qe2 Rf7 47. Rh4 Re7 48. Qe3 Qd5 49. Rf4 Qxa2 50. h4 Qd5 51. h5 Qxh5 52. Qb3+ Kh7 53. Rh4 Qxh4 54. gxh4 Re5 55. Qc3 Re6 56. Kg3 Kg6 57. Qc4 Kf7 58. Kg4 Kf6 59. h5 Re5 60. Qc6+ Re6 61. Qc3+ Re5 62. Kf4 1-0


[Site "https://www.chess.com"]

[Event "Titled Tuesday Blitz March 15 Early 2022"]
[White "Miszler, Levente"]
[Black "Tsatsalashvili, Keti"]
[WhiteFideId "763276"]
[BlackFideId "13603434"]
[WhiteElo "1966"]
[BlackElo "2246"]
[Result "0-1"]
[Round "11"]
[TimeControl "180+1"]
[Date "2022.03.15"]
[WhiteClock "0:00:01"]
[BlackClock "0:00:09"]

1. Nf3 Nf6 2. c4 e6 3. g3 d5 4. Bg2 d4 5. O-O c5 6. e3 Nc6 7. exd4 cxd4 8. Re1 Bc5 9. d3 O-O 10. Nbd2 a5 11. Rb1 h6 12. b3 Re8 13. a3 Qd6 14. Ne4 Nxe4 15. Rxe4 f5 16. Bf4 Qd7 17. Re1 Bxa3 18. Ne5 Nxe5 19. Bxe5 Bb4 20. Re2 Bc3 21. Ra2 Ra6 22. Qh5 Qf7 23. Qh4 b6 24. Bc6 Bd7 25. Bxd7 Qxd7 26. b4 a4 27. b5 Ra7 28. Qf4 a3 29. h4 Bb2 30. Qf3 Rea8 31. Rbxb2 axb2 32. Rxb2 Ra1+ 33. Kg2 R8a2 34. Rxa2 Rxa2 35. Qc6 Qf7 36. Qxb6 Qh5 37. Qb7 Qg4 38. Qc8+ Kh7 39. Qxe6 Qe2 40. Qxf5+ Kg8 41. Bxd4 Rd2 42. Qc8+ Kh7 43. Qf5+ Kg8 44. b6 Rd1 45. Qc8+ Kh7 46. Qf5+ Kg8 47. b7 Qf1+ 48. Kf3 Qh1+ 49. Kf4 Qxb7 50. Qe4 Qf7+ 0-1


[Site "https://www.chess.com"]

[Event "Titled Tuesday Blitz March 15 Early 2022"]
[White "Myshakov, Fyodor"]
[Black "Tanenbaum, Zachary"]
[WhiteFideId "14111284"]
[BlackFideId "2060850"]
[WhiteElo "2310"]
[BlackElo "2168"]
[Result "1/2-1/2"]
[Round "11"]
[TimeControl "180+1"]
[Date "2022.03.15"]
[WhiteClock "0:00:13"]
[BlackClock "0:00:09"]

1. c4 e5 2. Nc3 Nc6 3. Nf3 Nf6 4. g3 Bc5 5. Bg2 d6 6. O-O O-O 7. e3 Re8 8. d4 Bb6 9. d5 Ne7 10. b4 a5 11. b5 Bg4 12. Qc2 Qd7 13. Bb2 Bh3 14. Ne4 Nxe4 15. Bxh3 Qxh3 16. Qxe4 Ng6 17. Ng5 Qh5 18. h4 h6 19. Qf3 Qxf3 20. Nxf3 f5 21. Kg2 Nf8 22. Nd2 g6 23. a4 Nd7 24. Ba3 Bc5 25. Nb3 Bxa3 26. Rxa3 b6 27. Raa1 Kg7 28. Kh3 Nf6 29. f3 e4 30. f4 Ng4 31. Rae1 Re7 32. Nd4 Kf6 33. Kg2 Kf7 34. h5 Nf6 35. Rh1 Nxh5 36. Nxf5 Nxf4+ 37. gxf4 gxf5 38. Rxh6 Rg8+ 39. Kf2 Ke8 40. Rg1 Rxg1 41. Kxg1 Rg7+ 42. Kf2 Rf7 43. Rh5 Ke7 44. Kg3 Kf6 45. Rh6+ Kg7 46. Re6 Rf6 47. Re7+ Rf7 48. Re8 Kg6 49. Rg8+ Kf6 50. Rh8 Rg7+ 51. Kf2 Rf7 52. Rh6+ Kg7 53. Rh5 Kg6 54. Rg5+ Kf6 55. Kg3 Rh7 56. Kg2 Rg7 57. Rxg7 Kxg7 58. Kg3 Kg6 59. Kh4 Kh6 60. Kg3 Kh5 61. Kh3 Kg6 62. Kh4 Kh6 63. Kg3 Kg6 64. Kh3 Kh5 65. Kg3 Kh6 66. Kh4 Kg6 67. Kh3 Kh6 68. Kg3 1/2-1/2


[Site "https://www.chess.com"]

[Event "Titled Tuesday Blitz March 15 Early 2022"]
[White "Nagy, Gabor"]
[Black "Pranav Anand"]
[WhiteFideId "737119"]
[BlackFideId "46626786"]
[WhiteElo "2534"]
[BlackElo "2259"]
[Result "1-0"]
[Round "11"]
[TimeControl "180+1"]
[Date "2022.03.15"]
[WhiteClock "0:01:15"]
[BlackClock "0:00:46"]

1. d4 b6 2. e4 Bb7 3. Bd3 e6 4. Nf3 d5 5. exd5 exd5 6. O-O Be7 7. Re1 Nf6 8. Bg5 O-O 9. Nbd2 h6 10. Bh4 Nbd7 11. c3 c5 12. Bf5 Re8 13. Qa4 a6 14. Rad1 Nf8 15. dxc5 bxc5 16. Nb3 g6 17. Bb1 Qd7 18. Qxd7 N8xd7 19. Na5 Bc8 20. Nc6 Bd6 21. Rxe8+ Nxe8 22. Bg3 Bb7 23. Na5 Bxg3 24. hxg3 Rb8 25. Nxb7 Rxb7 26. Rxd5 Rxb2 27. Rxd7 Rxb1+ 28. Kh2 Rb2 29. Kg1 Rb1+ 30. Kh2 Nf6 31. Rd8+ Kg7 32. Ne5 Rb2 33. f4 Rxa2 34. Rc8 Ne4 35. Rc7 Kf6 36. Rxf7+ Ke6 37. Rg7 a5 38. Rxg6+ Kd5 39. c4+ Kd4 40. Rxh6 a4 41. Ra6 a3 42. g4 Ra1 43. g5 a2 44. g6 Nf2 45. g7 Rh1+ 46. Kg3 Ne4+ 47. Kg4 Nf6+ 48. Kf5 Ng8 49. Rxa2 1-0


[Site "https://www.chess.com"]

[Event "Titled Tuesday Blitz March 15 Early 2022"]
[White "Odegov, Artem"]
[Black "Santos Ruiz, Miguel"]
[WhiteFideId "34183644"]
[BlackFideId "22291482"]
[WhiteElo "2286"]
[BlackElo "2486"]
[Result "0-1"]
[Round "11"]
[TimeControl "180+1"]
[Date "2022.03.15"]
[WhiteClock "0:00:02"]
[BlackClock "0:00:55"]

1. d4 Nf6 2. c4 e6 3. Nf3 c5 4. d5 exd5 5. cxd5 g6 6. Nc3 Bg7 7. Nd2 O-O 8. Nc4 d6 9. Bf4 Ne8 10. Qd2 Qe7 11. Nb5 g5 12. Bxg5 Qd7 13. Nc3 b5 14. Ne3 b4 15. Ne4 f5 16. Ng3 f4 17. Nc4 fxg3 18. hxg3 Qf5 19. Bf4 Ba6 20. e3 Qf6 21. Rb1 Nd7 22. Nxd6 Bxf1 23. Nxe8 Qg6 24. Rc1 Bxg2 25. Nxg7 Bxh1 26. Ne6 Rf5 27. d6 Qxe6 0-1


[Site "https://www.chess.com"]

[Event "Titled Tuesday Blitz March 15 Early 2022"]
[White "Omariev, Maksim"]
[Black "Goryachkina, Aleksandra"]
[WhiteFideId "4193423"]
[BlackFideId "4147103"]
[WhiteElo "2464"]
[BlackElo "2426"]
[Result "0-1"]
[Round "11"]
[TimeControl "180+1"]
[Date "2022.03.15"]
[WhiteClock "0:00:01"]
[BlackClock "0:00:09"]

1. g4 d5 2. Bg2 c6 3. h3 e5 4. d4 e4 5. c4 Bb4+ 6. Nc3 Ne7 7. Qb3 a5 8. a3 Bxc3+ 9. Qxc3 O-O 10. Bg5 Be6 11. e3 f6 12. Bf4 Nd7 13. c5 Rf7 14. Ne2 Ng6 15. Bg3 f5 16. gxf5 Bxf5 17. b4 Nf6 18. Kd2 Nh5 19. bxa5 Rxa5 20. Rhb1 Ra7 21. a4 Nh4 22. Bf1 Nf3+ 23. Kc2 Qd7 24. h4 Bh3 25. a5 Bxf1 26. Rxf1 Ra8 27. Rh1 Qg4 28. Bd6 Nxh4 29. Nf4 Nxf4 30. Bxf4 Ng6 31. Rag1 Qe6 32. Bg3 Raf8 33. Rh2 Rf5 34. Rgh1 h6 35. Qb4 Qd7 36. Qb6 Rf3 37. Kc3 Ne7 38. a6 bxa6 39. Ra1 Nf5 40. Be5 Nxe3 41. fxe3 Rxe3+ 42. Kb4 Rff3 43. Rb2 Qh3 44. Qb8+ Kh7 45. Ka4 Ra3+ 46. Kb4 Rfb3+ 0-1


[Site "https://www.chess.com"]

[Event "Titled Tuesday Blitz March 15 Early 2022"]
[White "Perez Gormaz, Matias"]
[Black "Migot, Tangi"]
[WhiteFideId "3406342"]
[BlackFideId "662445"]
[WhiteElo "2327"]
[BlackElo "2510"]
[Result "1-0"]
[Round "11"]
[TimeControl "180+1"]
[Date "2022.03.15"]
[WhiteClock "0:01:20"]
[BlackClock "0:01:27"]

1. e4 e5 2. Nf3 d6 3. d4 exd4 4. Nxd4 Nf6 5. Nc3 Be7 6. g3 O-O 7. Bg2 Nc6 8. Nxc6 bxc6 9. O-O Rb8 10. b3 c5 11. Bb2 Be6 12. h3 Qc8 13. Kh2 Nd7 14. f4 f5 15. Re1 Bf6 16. Qd3 c4 17. Qd2 fxe4 18. Bxe4 Nc5 19. Bg2 a5 20. Ba3 Na6 21. Rxe6 Bxc3 22. Qxc3 Qxe6 23. Re1 Qd7 24. Qxc4+ Kh8 25. Qxa6 a4 26. Bb2 axb3 27. axb3 d5 28. Qe6 Qxe6 29. Rxe6 Rbe8 30. Bxd5 Rxe6 31. Bxe6 Re8 32. f5 Rd8 33. f6 1-0


[Site "https://www.chess.com"]

[Event "Titled Tuesday Blitz March 15 Early 2022"]
[White "Petersson, Kjell"]
[Black "De Souza, Cristiano Gomes"]
[WhiteFideId "1705148"]
[BlackFideId "2151758"]
[WhiteElo "2009"]
[BlackElo "2068"]
[Result "0-1"]
[Round "11"]
[TimeControl "180+1"]
[Date "2022.03.15"]
[WhiteClock "0:00:09"]
[BlackClock "0:01:03"]

1. d4 Nf6 2. Bf4 d6 3. Nc3 c6 4. e4 b5 5. Bd3 b4 6. Nce2 a5 7. Nf3 Ba6 8. O-O g6 9. Qd2 Bg7 10. Bh6 O-O 11. h4 Ng4 12. Bxg7 Kxg7 13. h5 e5 14. Ng3 Bxd3 15. Qxd3 Qf6 16. Rad1 Na6 17. hxg6 hxg6 18. Qd2 Nc7 19. dxe5 dxe5 20. Qd7 Ne6 21. Qxc6 Rac8 22. Qb6 Rxc2 23. Rb1 Rfc8 24. Qxa5 Nf4 25. Qxb4 Nxg2 26. Kxg2 Ne3+ 27. Kg1 Qxf3 28. Nf5+ Nxf5 29. exf5 R8c4 30. Qxc4 Rxc4 31. Rfc1 Rg4+ 32. Kf1 Qd3+ 33. Ke1 Re4# 0-1


[Site "https://www.chess.com"]